WCHLSIM.com - West Coast Hockey League
html PUBLIC "-//W3C//DTD XHTML 1.0 Transitional//EN" "http://www.w3.org/TR/xhtml1/DTD/xhtml1-transitional.dtd"> WCHL - Game 750 - SACRAMENTO BANDITS vs ANCHORAGE ACES

SACRAMENTO BANDITS vs ANCHORAGE ACES

Created - 28 janvier 2024 at 08:05

Goals
1 2 3 OT1 T
SACRAMENTO BANDITS 1 0 1 0 2
ANCHORAGE ACES 0 2 0 1 3
Shots
1 2 3 OT1 T
SACRAMENTO BANDITS 9 15 2 4 30
ANCHORAGE ACES 9 8 10 2 29

1st period

1. SACRAMENTO BANDITS , Nico Hischier 21 (Janis Moser 19, Patrick Kane 26) at 15:24

Penalties :
No Penalty

2nd period

2. ANCHORAGE ACES , Seth Jones 6 (Nathan MacKinnon 30) at 6:17 (PP)
3. ANCHORAGE ACES , Chris Kreider 23 (Phillip Danault 28) at 18:10

Penalties :
Oliver Ekman-Larsson (SAC) for Hooking (Minor) at 5:13, Filip Hronek (ANC) for High sticking (Minor) at 7:22, Robert Bortuzzo (ANC) for Kneeing (Minor) at 12:02, Mark Scheifele (SAC) for Roughing (Minor) at 12:02

3rd period

4. SACRAMENTO BANDITS , Janis Moser 6 (Nico Hischier 30) at 7:21

Penalties :
Sheldon Dries (ANC) for Boarding (Minor) at 7:38

Overtime #1

5. ANCHORAGE ACES , Chris Kreider 24 (Phillip Danault 29, Darcy Kuemper) at 2:43

Penalties :
No Penalty

Goalie Stats

Louis Domingue (SAC), 26 saves from 29 shots - (0,897), OTL, 10-3-1, 62:44 minutes
Darcy Kuemper (ANC), 28 saves from 30 shots - (0,933), W, 32-9-6, 62:44 minutes

Players Stats for SACRAMENTO BANDITS

Player Name              G  A  P  +/- PIM S  H  SB GA TA FO     MP     PP MP  PK MP  
------------------------------------------------------------------------------------
Adam Gaudette            0  0  0   0  0   0  0  0  0  0  0/0     5:14   0:00   0:00 
Alex Chiasson            0  0  0  -1  0   0  1  0  0  0  0/0    13:21   0:00   0:00 
Blake Wheeler            0  0  0   0  0   3  1  0  0  0  3/4    20:46   1:58   0:00 
Chris Wideman            0  0  0   0  0   0  0  0  0  0  0/0    16:02   0:33   0:28 
Christian Fischer        0  0  0   0  0   2  0  0  0  0  3/8     5:14   0:00   0:00 
David Perron             0  0  0   2  0   1  3  0  0  0  0/2    22:29   2:00   0:24 
Eetu Luostarinen         0  0  0  -1  0   0  1  1  0  0  4/15   13:29   0:00   0:00 
Janis Moser              1  1  2   0  0   2  1  1  0  0  0/0    22:13   1:36   0:28 
Jonathan Huberdeau       0  0  0  -1  0   3  1  0  0  0  1/1    13:21   0:00   0:00 
Marc-Edouard Vlasic      0  0  0   0  0   0  3  0  0  0  0/0    21:52   1:49   0:08 
Marcus Johansson         0  0  0  -1  0   3  1  1  0  0  0/0    19:07   1:58   0:00 
Mark Scheifele           0  0  0  -1  2   4  0  1  0  0  9/21   20:29   1:58   0:40 
Nico Hischier            1  1  2   2  0   7  1  0  0  0  6/16   21:02   2:00   0:40 
Oliver Ekman-Larsson     0  0  0   0  2   1  1  2  0  0  0/0    16:18   0:00   0:00 
Patrick Kane             0  1  1   2  0   2  1  0  0  0  1/3    22:29   2:00   0:24 
Patrick Maroon           0  0  0   0  0   0  0  0  0  0  0/0     6:24   0:00   0:00 
Rasmus Sandin            0  0  0   1  0   2  4  1  0  0  0/0    22:04   1:58   0:28 
Ryan McDonagh            0  0  0   0  0   0  1  1  0  0  0/0    23:13   2:00   0:36 

Players Stats for ANCHORAGE ACES

Player Name              G  A  P  +/- PIM S  H  SB GA TA FO     MP     PP MP  PK MP  
------------------------------------------------------------------------------------
Chris Kreider            2  0  2   1  0   4  0  0  0  0  1/1    19:53   0:00   0:00 
Connor McDavid           0  0  0  -1  0   3  1  0  0  0  11/24  27:21   0:52   2:45 
Conor Sheary             0  0  0   0  0   2  0  0  0  0  0/0    14:57   0:52   0:00 
Erik Haula               0  0  0   0  0   1  0  0  0  0  10/15  17:42   0:52   2:45 
Filip Hronek             0  0  0  -1  2   0  2  3  0  0  0/0    20:32   0:00   0:34 
Jack Johnson             0  0  0   1  0   0  2  0  0  0  0/0    16:03   0:00   0:00 
Jakob Chychrun           0  0  0   0  0   0  0  0  0  0  0/0    20:12   0:52   0:33 
Jani Hakanpaa            0  0  0   1  0   1  1  2  0  0  0/0    17:20   0:00   2:16 
Nathan MacKinnon         0  1  1  -1  0   4  3  0  0  0  3/5    22:05   0:12   0:00 
Phillip Danault          0  2  2   1  0   3  0  0  0  0  15/20  21:06   0:00   1:13 
Robert Bortuzzo          0  0  0   0  2   0  0  0  0  0  0/0     3:44   0:52   0:00 
Ryan Lomberg             0  0  0   0  0   0  1  0  0  0  0/0     1:51   0:00   0:00 
Ryan Pulock              0  0  0  -1  0   0  0  0  0  0  0/0    20:30   0:12   1:42 
Sam Gagner               0  0  0   0  0   0  0  0  0  0  0/0     1:51   0:00   0:00 
Seth Jones               1  0  1  -1  0   1  0  0  0  0  0/0    24:21   0:12   2:51 
Sheldon Dries            0  0  0   0  2   1  1  0  0  0  1/2    14:04   0:00   0:00 
Tom Wilson               0  0  0   0  0   7  2  0  0  0  1/2    19:45   0:12   1:13 
Yegor Sharangovich       0  0  0  -1  0   2  0  0  0  0  1/1    18:55   0:12   0:00 

3 Stars

1 - Chris Kreider (ANC)
2 - Nico Hischier (SAC)
3 - Janis Moser (SAC)

Power Play

SACRAMENTO BANDITS - 0 on 2 Attempt(s) - 0,00%
ANCHORAGE ACES - 1 on 1 Attempt(s) - 100,00%

Penalty Kill

SACRAMENTO BANDITS - 0 on 1 Attempt(s) - 0,00% - Score 0 goal in Penalty Kill
ANCHORAGE ACES - 2 on 2 Attempt(s) - 100,00% - Score 0 goal in Penalty Kill

Team Stat

SACRAMENTO BANDITS - Hits : 20 - Faceoff Wins : 27 - Blocked Shots : 8 - Penalty Minutes : 4
ANCHORAGE ACES - Hits : 13 - Faceoff Wins : 43 - Blocked Shots : 5 - Penalty Minutes : 6

Official

Referees : Chris Schlenker and Pierre Lambert
Linesman : Devin Berg and Julien Fournier

Game Notes

No Game Note

Finance

Level 1 -- Attendance: 5293 (88,22%) -- Ticket Income 1 058 600 $
Level 2 -- Attendance: 5000 (100,00%) -- Ticket Income 625 000 $
Level 3 -- Attendance: 1976 (98,80%) -- Ticket Income 205 504 $
Level 4 -- Attendance: 4000 (100,00%) -- Ticket Income 280 000 $
Luxury Box -- Attendance: 967 (96,70%) -- Ticket Income 314 275 $
Game was played at the Alaska Center.
Total Attendance: 17236 (95,76%)
Total Ticket Income: 2 483 379 $
Other Expense: 24 834 $
Total Income: 2 458 545 $

SACRAMENTO BANDITS

5 vs 5 Forward 
   Center                   Left Wing                Right Wing               Time % Phy DF OF 
 1 Nico Hischier            David Perron             Patrick Kane             36     1   2  2  
 2 Mark Scheifele           Marcus Johansson         Blake Wheeler            31     1   2  2  
 3 Eetu Luostarinen         Jonathan Huberdeau       Alex Chiasson            23     1   2  2  
 4 Christian Fischer        Adam Gaudette            Patrick Maroon           10     1   2  2  

5 vs 5 Defense 
   Defense                  Defense                                           Time % Phy DF OF 
 1 Ryan McDonagh            Marc-Edouard Vlasic                               36     1   2  2  
 2 Janis Moser              Rasmus Sandin                                     31     1   2  2  
 3 Oliver Ekman-Larsson     Chris Wideman                                     23     1   2  2  
 4 Ryan McDonagh            Marc-Edouard Vlasic                               10     1   2  2  

PowerPlay Forward 
   Center                   Left Wing                Right Wing               Time % Phy DF OF 
 1 Nico Hischier            David Perron             Patrick Kane             55     1   2  2  
 2 Mark Scheifele           Marcus Johansson         Blake Wheeler            45     1   2  2  

PowerPlay Defense
   Defense                  Defense                                           Time % Phy DF OF 
 1 Ryan McDonagh            Marc-Edouard Vlasic                               55     1   2  2  
 2 Janis Moser              Rasmus Sandin                                     45     1   2  2  

Penalty Kill 4 Players Forward 
   Center                   Wing                     Time % Phy DF OF 
 1 Nico Hischier            Mark Scheifele           55     1   2  2  
 2 Patrick Kane             David Perron             45     1   2  2  

Penalty Kill 4 Players Defense
   Defense                  Defense                  Time % Phy DF OF 
 1 Ryan McDonagh            Marc-Edouard Vlasic      55     1   2  2  
 2 Janis Moser              Rasmus Sandin            45     1   2  2  

Penalty Kill - 3 Players Forward 
   Forward                                           Time % Phy DF OF 
 1 Nico Hischier                                     55     1   2  2  
 2 Mark Scheifele                                    45     1   2  2  

Penalty Kill - 3 Players Defense
   Defense                  Defense                  Time % Phy DF OF 
 1 Ryan McDonagh            Marc-Edouard Vlasic      55     1   2  2  
 2 Janis Moser              Rasmus Sandin            45     1   2  2  

4 vs 4 Forward 
   Center                   Wing                     Time % Phy DF OF 
 1 Blake Wheeler            Mark Scheifele           55     1   2  2  
 2 Patrick Kane             David Perron             45     1   2  2  

4 vs 4 Defense
   Defense                  Defense                  Time % Phy DF OF 
 1 Ryan McDonagh            Marc-Edouard Vlasic      55     1   2  2  
 2 Janis Moser              Rasmus Sandin            45     1   2  2  

Last Minutes Offensive
   Center                   Left Wing                Right Wing               Defense                  Defense                  
   Blake Wheeler            David Perron             Patrick Kane             Ryan McDonagh            Marc-Edouard Vlasic      

Last Minutes Defensive
   Center                   Left Wing                Right Wing               Defense                  Defense                  
   Blake Wheeler            David Perron             Patrick Kane             Ryan McDonagh            Marc-Edouard Vlasic      

Goaltenders
Starting : Louis Domingue           
Backup : Jean-Francois Berube     

Extra Forwards
Normal : Patrick Maroon, Jonathan Huberdeau, Eetu Luostarinen - PP : Patrick Maroon, Jonathan Huberdeau - PK : Eetu Luostarinen
Extra Defensemen
Normal : Ryan McDonagh, Marc-Edouard Vlasic, Janis Moser - PP : Marc-Edouard Vlasic - PK : Ryan McDonagh, Janis Moser
Penalty Shots
Blake Wheeler, Mark Scheifele, Patrick Kane, David Perron, Marcus Johansson
Custom OT Lines Forwards
Blake Wheeler, Mark Scheifele, Patrick Kane, David Perron, Marcus Johansson, Jonathan Huberdeau, Eetu Luostarinen, Nico Hischier, Christian Fischer, Patrick Maroon
Custom OT Lines Defensemen
Ryan McDonagh, Marc-Edouard Vlasic, Janis Moser, Rasmus Sandin, Oliver Ekman-Larsson

Scratches
Danil Gushchin (Torn Left Knee Ligaments Injury), Brendan Smith (Torso Injury), Alex Nedeljkovic (Strained Right Elbow Injury), Jaroslav Halak (Broken Right Foot Toe Injury), Daniel Vladar (Exhaustion)

ANCHORAGE ACES

5 vs 5 Forward 
   Center                   Left Wing                Right Wing               Time % Phy DF OF 
 1 Connor McDavid           Yegor Sharangovich       Nathan MacKinnon         38     0   1  4  
 2 Phillip Danault          Chris Kreider            Tom Wilson               36     0   2  3  
 3 Erik Haula               Sheldon Dries            Conor Sheary             23     1   2  2  
 4 Connor McDavid           Ryan Lomberg             Sam Gagner               3      1   2  2  

5 vs 5 Defense 
   Defense                  Defense                                           Time % Phy DF OF 
 1 Seth Jones               Jakob Chychrun                                    35     1   2  2  
 2 Filip Hronek             Ryan Pulock                                       35     1   2  2  
 3 Jani Hakanpaa            Jack Johnson                                      23     1   2  2  
 4 Robert Bortuzzo          Seth Jones                                        7      1   2  2  

PowerPlay Forward 
   Center                   Left Wing                Right Wing               Time % Phy DF OF 
 1 Nathan MacKinnon         Yegor Sharangovich       Tom Wilson               50     1   2  2  
 2 Connor McDavid           Chris Kreider            Erik Haula               50     1   2  2  

PowerPlay Defense
   Defense                  Defense                                           Time % Phy DF OF 
 1 Filip Hronek             Jakob Chychrun                                    55     1   2  2  
 2 Ryan Pulock              Seth Jones                                        45     1   2  2  

Penalty Kill 4 Players Forward 
   Center                   Wing                     Time % Phy DF OF 
 1 Erik Haula               Connor McDavid           55     1   2  2  
 2 Phillip Danault          Tom Wilson               45     1   2  2  

Penalty Kill 4 Players Defense
   Defense                  Defense                  Time % Phy DF OF 
 1 Seth Jones               Jani Hakanpaa            55     1   2  2  
 2 Ryan Pulock              Filip Hronek             45     1   2  2  

Penalty Kill - 3 Players Forward 
   Forward                                           Time % Phy DF OF 
 1 Phillip Danault                                   55     1   2  2  
 2 Nathan MacKinnon                                  45     1   2  2  

Penalty Kill - 3 Players Defense
   Defense                  Defense                  Time % Phy DF OF 
 1 Seth Jones               Filip Hronek             55     1   2  2  
 2 Jack Johnson             Jani Hakanpaa            45     1   2  2  

4 vs 4 Forward 
   Center                   Wing                     Time % Phy DF OF 
 1 Nathan MacKinnon         Connor McDavid           55     1   2  2  
 2 Phillip Danault          Chris Kreider            45     1   2  2  

4 vs 4 Defense
   Defense                  Defense                  Time % Phy DF OF 
 1 Jakob Chychrun           Seth Jones               55     1   2  2  
 2 Jani Hakanpaa            Filip Hronek             45     1   2  2  

Last Minutes Offensive
   Center                   Left Wing                Right Wing               Defense                  Defense                  
   Connor McDavid           Phillip Danault          Nathan MacKinnon         Seth Jones               Filip Hronek             

Last Minutes Defensive
   Center                   Left Wing                Right Wing               Defense                  Defense                  
   Connor McDavid           Phillip Danault          Nathan MacKinnon         Seth Jones               Filip Hronek             

Goaltenders
Starting : Darcy Kuemper            
Backup : Dustin Wolf              

Extra Forwards
Normal : Connor McDavid, Phillip Danault, Chris Kreider - PP : Erik Haula, Phillip Danault - PK : Nathan MacKinnon
Extra Defensemen
Normal : Ryan Pulock, Jani Hakanpaa, Jack Johnson - PP : Robert Bortuzzo - PK : Filip Hronek, Seth Jones
Penalty Shots
Connor McDavid, Nathan MacKinnon, Chris Kreider, Phillip Danault, Erik Haula
Custom OT Lines Forwards
Nathan MacKinnon, Connor McDavid, Phillip Danault, Chris Kreider, Tom Wilson, Erik Haula, Yegor Sharangovich, Conor Sheary, Sheldon Dries, Ryan Lomberg
Custom OT Lines Defensemen
Jack Johnson, Jakob Chychrun, Seth Jones, Ryan Pulock, Jani Hakanpaa

Scratches
Nikolaj Ehlers (Broken Bone (Left Ankle) Injury)

% Time on Ice - SACRAMENTO BANDITS

Lines # - Real PCT - Wanted PCT - Time Play
Normal Forward
1 - 35% - 36% - 18:22
2 - 30% - 31% - 16:02
3 - 25% - 23% - 13:21
4 - 10% - 10% - 5:14
Normal Defense
1 - 30% - 36% - 16:02
2 - 35% - 31% - 18:32
3 - 31% - 23% - 16:19
4 - 4% - 10% - 2:06
PP Forward
1 - 50% - 55% - 2:00
2 - 50% - 45% - 1:58
PP Defense
1 - 50% - 55% - 2:00
2 - 50% - 45% - 1:58
PK Forward
1 - 63% - 55% - 0:40
2 - 38% - 45% - 0:24
PK Defense
1 - 56% - 55% - 0:36
2 - 44% - 45% - 0:28
PK3 Forward
1 - 0% - 55%
2 - 0% - 45%
PK3 Defense
1 - 0% - 55%
2 - 0% - 45%
44 Forward
1 - 59% - 55% - 1:10
2 - 41% - 45% - 0:49
44 Defense
1 - 45% - 55% - 0:53
2 - 55% - 45% - 1:06
Last Minute Offensive  - 0:00
Last Minute Defensive  - 0:00
Total
Forward - 60:00
Defense - 60:00

% Time on Ice - ANCHORAGE ACES

Lines # - Real PCT - Wanted PCT - Time Play
Normal Forward
1 - 35% - 38% - 18:43
2 - 35% - 36% - 18:20
3 - 27% - 23% - 14:05
4 - 3% - 3% - 1:51
Normal Defense
1 - 34% - 35% - 17:49
2 - 35% - 35% - 18:36
3 - 26% - 23% - 13:41
4 - 5% - 7% - 2:53
PP Forward
1 - 19% - 50% - 0:12
2 - 81% - 50% - 0:52
PP Defense
1 - 81% - 55% - 0:52
2 - 19% - 45% - 0:12
PK Forward
1 - 69% - 55% - 2:45
2 - 31% - 45% - 1:13
PK Defense
1 - 57% - 55% - 2:16
2 - 43% - 45% - 1:42
PK3 Forward
1 - 0% - 55%
2 - 0% - 45%
PK3 Defense
1 - 0% - 55%
2 - 0% - 45%
44 Forward
1 - 40% - 55% - 0:48
2 - 60% - 45% - 1:11
44 Defense
1 - 30% - 55% - 0:36
2 - 70% - 45% - 1:23
Last Minute Offensive  - 0:00
Last Minute Defensive  - 0:00
Total
Forward - 60:00
Defense - 60:00

Play-by-Play

1st period


0:01 of 1st period - Connor McDavid wins face-off versus David Perron in neutral zone.
0:44 of 1st period - Shot by Connor McDavid.
0:44 of 1st period - Shot Blocked by Ryan McDonagh.
1:01 of 1st period - Icing by Connor McDavid.
1:02 of 1st period - Connor McDavid wins face-off versus Eetu Luostarinen in ANCHORAGE ACES zone.
2:05 of 1st period - Shot by Blake Wheeler.
2:05 of 1st period - Stopped by Darcy Kuemper without a rebound.
2:06 of 1st period - Christian Fischer wins face-off versus Erik Haula in ANCHORAGE ACES zone.
3:12 of 1st period - Shot by Mark Scheifele.
3:12 of 1st period - Deflect By Blake Wheeler.
3:12 of 1st period - Shot Misses the Net.
3:18 of 1st period - Erik Haula is hit by Marcus Johansson.
3:21 of 1st period - Off-side.
3:22 of 1st period - Phillip Danault wins face-off versus Nico Hischier in neutral zone.
6:10 of 1st period - Shot by Marcus Johansson.
6:10 of 1st period - Stopped by Darcy Kuemper without a rebound.
6:11 of 1st period - Tom Wilson wins face-off versus Eetu Luostarinen in ANCHORAGE ACES zone.
6:24 of 1st period - Phillip Danault is hit by Eetu Luostarinen and loses puck.
6:36 of 1st period - Icing by Filip Hronek.
6:37 of 1st period - Phillip Danault wins face-off versus Mark Scheifele in ANCHORAGE ACES zone.
6:52 of 1st period - Shot by Phillip Danault.
6:52 of 1st period - Shot Hit the Post.
6:54 of 1st period - Shot by Tom Wilson.
6:54 of 1st period - Stopped by Louis Domingue without a rebound.
6:55 of 1st period - Sheldon Dries wins face-off versus Christian Fischer in SACRAMENTO BANDITS zone.
7:11 of 1st period - Erik Haula is hit by Janis Moser and loses puck.
7:27 of 1st period - Erik Haula is hit by Rasmus Sandin and loses puck.
10:43 of 1st period - Shot by Marcus Johansson.
10:43 of 1st period - Shot Misses the Net.
10:45 of 1st period - Shot by Oliver Ekman-Larsson.
10:45 of 1st period - Stopped by Darcy Kuemper without a rebound.
10:46 of 1st period - Connor McDavid wins face-off versus Christian Fischer in ANCHORAGE ACES zone.
11:22 of 1st period - Icing by Christian Fischer.
11:23 of 1st period - Phillip Danault wins face-off versus Christian Fischer in SACRAMENTO BANDITS zone.
11:26 of 1st period - Shot by Phillip Danault.
11:26 of 1st period - Shot Blocked by Oliver Ekman-Larsson.
12:20 of 1st period - Off-side.
12:21 of 1st period - Erik Haula wins face-off versus Eetu Luostarinen in neutral zone.
12:50 of 1st period - Shot by Jonathan Huberdeau.
12:50 of 1st period - Stopped by Darcy Kuemper without a rebound.
12:51 of 1st period - Mark Scheifele wins face-off versus Connor McDavid in ANCHORAGE ACES zone.
13:08 of 1st period - Shot by Connor McDavid.
13:08 of 1st period - Shot Misses the Net.
13:20 of 1st period - Shot by Connor McDavid.
13:20 of 1st period - Stopped by Louis Domingue with a rebound.
13:22 of 1st period - Shot by Seth Jones.
13:22 of 1st period - Shot Blocked by Oliver Ekman-Larsson.
13:24 of 1st period - Shot by Connor McDavid.
13:24 of 1st period - Stopped by Louis Domingue without a rebound.
13:25 of 1st period - Phillip Danault wins face-off versus Nico Hischier in SACRAMENTO BANDITS zone.
13:28 of 1st period - Shot by Chris Kreider.
13:28 of 1st period - Stopped by Louis Domingue without a rebound.
13:29 of 1st period - Phillip Danault wins face-off versus Eetu Luostarinen in SACRAMENTO BANDITS zone.
13:51 of 1st period - Icing by Ryan Pulock.
13:52 of 1st period - Phillip Danault wins face-off versus Mark Scheifele in ANCHORAGE ACES zone.
14:04 of 1st period - Shot by Tom Wilson.
14:04 of 1st period - Stopped by Louis Domingue with a rebound.
14:06 of 1st period - Shot by Phillip Danault.
14:06 of 1st period - Stopped by Louis Domingue with a rebound.
15:22 of 1st period - Shot by Nico Hischier.
15:22 of 1st period - Stopped by Darcy Kuemper with a rebound.
15:24 of 1st period - Shot by Janis Moser.
15:24 of 1st period - Deflect By Nico Hischier.
15:24 of 1st period - Goal by Nico Hischier - SACRAMENTO BANDITS : 1 - ANCHORAGE ACES : 0.
15:25 of 1st period - Eetu Luostarinen wins face-off versus Erik Haula in neutral zone.
15:40 of 1st period - Shot by Conor Sheary.
15:40 of 1st period - Shot Misses the Net.
15:49 of 1st period - Conor Sheary is hit by Oliver Ekman-Larsson.
16:40 of 1st period - Shot by Tom Wilson.
16:40 of 1st period - Stopped by Louis Domingue with a rebound.
16:48 of 1st period - Shot by Phillip Danault.
16:48 of 1st period - Stopped by Louis Domingue with a rebound.
17:00 of 1st period - Shot by Chris Kreider.
17:00 of 1st period - Stopped by Louis Domingue with a rebound.
17:32 of 1st period - Shot by Marcus Johansson.
17:32 of 1st period - Stopped by Darcy Kuemper without a rebound.
17:33 of 1st period - Erik Haula wins face-off versus Nico Hischier in ANCHORAGE ACES zone.
17:54 of 1st period - Conor Sheary is hit by David Perron and loses puck.
19:01 of 1st period - Shot by Marcus Johansson.
19:01 of 1st period - Stopped by Darcy Kuemper with a rebound.
19:15 of 1st period - Shot by Blake Wheeler.
19:15 of 1st period - Shot Misses the Net.
19:17 of 1st period - Shot by Marc-Edouard Vlasic.
19:17 of 1st period - Shot Misses the Net.
19:19 of 1st period - Shot by Mark Scheifele.
19:19 of 1st period - Stopped by Darcy Kuemper with a rebound.
Goals for this period are 1 for SACRAMENTO BANDITS vs 0 for ANCHORAGE ACES.
Shots for this period are 9 for SACRAMENTO BANDITS vs 9 for ANCHORAGE ACES.

2nd period


0:01 of 2nd period - Mark Scheifele wins face-off versus Connor McDavid in neutral zone.
0:01 of 2nd period - Mark Scheifele is hit by Nathan MacKinnon.
1:13 of 2nd period - Shot by Nico Hischier.
1:13 of 2nd period - Stopped by Darcy Kuemper without a rebound.
1:14 of 2nd period - Phillip Danault wins face-off versus Eetu Luostarinen in ANCHORAGE ACES zone.
1:30 of 2nd period - Icing by Chris Kreider.
1:31 of 2nd period - Chris Kreider wins face-off versus Patrick Kane in ANCHORAGE ACES zone.
1:56 of 2nd period - Shot by Rasmus Sandin.
1:56 of 2nd period - Shot Misses the Net.
2:04 of 2nd period - Shot by Patrick Kane.
2:04 of 2nd period - Stopped by Darcy Kuemper with a rebound.
2:06 of 2nd period - Shot by Rasmus Sandin.
2:06 of 2nd period - Stopped by Darcy Kuemper without a rebound.
2:07 of 2nd period - Erik Haula wins face-off versus Mark Scheifele in ANCHORAGE ACES zone.
2:07 of 2nd period - Erik Haula is hit by Blake Wheeler.
2:48 of 2nd period - Shot by Marcus Johansson.
2:48 of 2nd period - Shot Blocked by Jani Hakanpaa.
3:04 of 2nd period - Ryan McDonagh is hit by Sheldon Dries.
4:57 of 2nd period - Eetu Luostarinen is hit by Tom Wilson.
5:13 of 2nd period - Minor Penalty to Oliver Ekman-Larsson for Hooking.
5:14 of 2nd period - Connor McDavid wins face-off versus Nico Hischier in SACRAMENTO BANDITS zone.
5:19 of 2nd period - Shot by Connor McDavid.
5:19 of 2nd period - Shot Misses the Net.
5:56 of 2nd period - Icing by Erik Haula.
5:57 of 2nd period - Connor McDavid wins face-off versus Patrick Kane in ANCHORAGE ACES zone.
6:15 of 2nd period - Shot by Tom Wilson.
6:15 of 2nd period - Stopped by Louis Domingue without a rebound.
6:16 of 2nd period - Nathan MacKinnon wins face-off versus David Perron in SACRAMENTO BANDITS zone.
6:17 of 2nd period - Shot by Seth Jones.
6:17 of 2nd period - Goal by Seth Jones - SACRAMENTO BANDITS : 1 - ANCHORAGE ACES : 1.
6:18 of 2nd period - Phillip Danault wins face-off versus Eetu Luostarinen in neutral zone.
6:25 of 2nd period - Shot by Tom Wilson.
6:25 of 2nd period - Shot Blocked by Eetu Luostarinen.
6:28 of 2nd period - Icing by Oliver Ekman-Larsson.
6:29 of 2nd period - Eetu Luostarinen wins face-off versus Tom Wilson in SACRAMENTO BANDITS zone.
6:34 of 2nd period - Shot by Jonathan Huberdeau.
6:34 of 2nd period - Stopped by Darcy Kuemper without a rebound.
6:35 of 2nd period - Nico Hischier wins face-off versus Connor McDavid in ANCHORAGE ACES zone.
6:52 of 2nd period - Shot by Nathan MacKinnon.
6:52 of 2nd period - Stopped by Louis Domingue without a rebound.
6:53 of 2nd period - Phillip Danault wins face-off versus Mark Scheifele in SACRAMENTO BANDITS zone.
6:53 of 2nd period - Phillip Danault is hit by Rasmus Sandin.
7:21 of 2nd period - Shot by Mark Scheifele.
7:21 of 2nd period - Shot Blocked by Filip Hronek.
7:22 of 2nd period - Minor Penalty to Filip Hronek for High sticking.
7:23 of 2nd period - Nico Hischier wins face-off versus Erik Haula in ANCHORAGE ACES zone.
7:42 of 2nd period - Shot by Patrick Kane.
7:42 of 2nd period - Shot Blocked by Jani Hakanpaa.
7:44 of 2nd period - Shot by David Perron.
7:44 of 2nd period - Stopped by Darcy Kuemper without a rebound.
7:45 of 2nd period - Blake Wheeler wins face-off versus Erik Haula in ANCHORAGE ACES zone.
8:15 of 2nd period - Shot by Rasmus Sandin.
8:15 of 2nd period - Stopped by Darcy Kuemper with a rebound.
8:17 of 2nd period - Shot by Blake Wheeler.
8:17 of 2nd period - Stopped by Darcy Kuemper without a rebound.
8:18 of 2nd period - Nico Hischier wins face-off versus Phillip Danault in ANCHORAGE ACES zone.
8:31 of 2nd period - Shot by Nico Hischier.
8:31 of 2nd period - Stopped by Darcy Kuemper without a rebound.
8:32 of 2nd period - Erik Haula wins face-off versus Nico Hischier in ANCHORAGE ACES zone.
9:01 of 2nd period - Shot by Marc-Edouard Vlasic.
9:01 of 2nd period - Shot Misses the Net.
9:03 of 2nd period - Shot by Ryan McDonagh.
9:03 of 2nd period - Shot Hit the Post.
9:05 of 2nd period - Shot by Nico Hischier.
9:05 of 2nd period - Stopped by Darcy Kuemper without a rebound.
9:06 of 2nd period - Mark Scheifele wins face-off versus Phillip Danault in ANCHORAGE ACES zone.
9:47 of 2nd period - Shot by Jonathan Huberdeau.
9:47 of 2nd period - Stopped by Darcy Kuemper without a rebound.
9:48 of 2nd period - Phillip Danault wins face-off versus Nico Hischier in ANCHORAGE ACES zone.
10:23 of 2nd period - Shot by Phillip Danault.
10:23 of 2nd period - Shot Misses the Net.
10:42 of 2nd period - Icing by Nico Hischier.
10:43 of 2nd period - Connor McDavid wins face-off versus Nico Hischier in SACRAMENTO BANDITS zone.
11:11 of 2nd period - Shot by Connor McDavid.
11:11 of 2nd period - Stopped by Louis Domingue without a rebound.
11:12 of 2nd period - Erik Haula wins face-off versus Mark Scheifele in SACRAMENTO BANDITS zone.
11:21 of 2nd period - Shot by Conor Sheary.
11:21 of 2nd period - Stopped by Louis Domingue without a rebound.
11:22 of 2nd period - Mark Scheifele wins face-off versus Connor McDavid in SACRAMENTO BANDITS zone.
11:22 of 2nd period - Mark Scheifele is hit by Ryan Lomberg.
11:41 of 2nd period - Mark Scheifele is hit by Connor McDavid.
12:02 of 2nd period - Minor Penalty to Robert Bortuzzo for Kneeing.
12:02 of 2nd period - Minor Penalty to Mark Scheifele for Roughing.
12:03 of 2nd period - Blake Wheeler wins face-off versus Nathan MacKinnon in ANCHORAGE ACES zone.
12:10 of 2nd period - Shot by Janis Moser.
12:10 of 2nd period - Stopped by Darcy Kuemper without a rebound.
12:11 of 2nd period - Blake Wheeler wins face-off versus Nathan MacKinnon in ANCHORAGE ACES zone.
12:14 of 2nd period - Shot by Blake Wheeler.
12:14 of 2nd period - Stopped by Darcy Kuemper without a rebound.
12:15 of 2nd period - Nathan MacKinnon wins face-off versus Blake Wheeler in ANCHORAGE ACES zone.
12:50 of 2nd period - Shot by Nathan MacKinnon.
12:50 of 2nd period - Stopped by Louis Domingue without a rebound.
12:51 of 2nd period - Patrick Kane wins face-off versus Phillip Danault in SACRAMENTO BANDITS zone.
13:05 of 2nd period - Filip Hronek is hit by Patrick Kane and loses puck.
14:01 of 2nd period - Icing by Filip Hronek.
14:02 of 2nd period - Erik Haula wins face-off versus Eetu Luostarinen in ANCHORAGE ACES zone.
14:02 of 2nd period - Erik Haula is hit by Jonathan Huberdeau.
14:19 of 2nd period - Shot by Eetu Luostarinen.
14:19 of 2nd period - Shot Misses the Net.
15:03 of 2nd period - Shot by Patrick Kane.
15:03 of 2nd period - Shot Misses the Net.
15:05 of 2nd period - Shot by Nico Hischier.
15:05 of 2nd period - Stopped by Darcy Kuemper with a rebound.
16:02 of 2nd period - Shot by Marcus Johansson.
16:02 of 2nd period - Deflect By Mark Scheifele.
16:02 of 2nd period - Shot Misses the Net.
16:14 of 2nd period - Shot by Marcus Johansson.
16:14 of 2nd period - Shot Misses the Net.
16:49 of 2nd period - Shot by Christian Fischer.
16:49 of 2nd period - Stopped by Darcy Kuemper with a rebound.
16:51 of 2nd period - Shot by Christian Fischer.
16:51 of 2nd period - Stopped by Darcy Kuemper without a rebound.
16:52 of 2nd period - Eetu Luostarinen wins face-off versus Connor McDavid in ANCHORAGE ACES zone.
17:10 of 2nd period - Eetu Luostarinen is hit by Filip Hronek and loses puck.
17:26 of 2nd period - Icing by Janis Moser.
17:27 of 2nd period - Phillip Danault wins face-off versus Eetu Luostarinen in SACRAMENTO BANDITS zone.
17:43 of 2nd period - Phillip Danault is hit by Rasmus Sandin and loses puck.
18:06 of 2nd period - Shot by Chris Kreider.
18:06 of 2nd period - Shot Hit the Post.
18:08 of 2nd period - Shot by Phillip Danault.
18:08 of 2nd period - Shot Blocked by Rasmus Sandin.
18:10 of 2nd period - Shot by Chris Kreider.
18:10 of 2nd period - Goal by Chris Kreider - SACRAMENTO BANDITS : 1 - ANCHORAGE ACES : 2.
18:11 of 2nd period - Connor McDavid wins face-off versus Nico Hischier in neutral zone.
18:22 of 2nd period - Shot by Yegor Sharangovich.
18:22 of 2nd period - Stopped by Louis Domingue without a rebound.
18:23 of 2nd period - Mark Scheifele wins face-off versus Connor McDavid in SACRAMENTO BANDITS zone.
18:38 of 2nd period - Shot by Nathan MacKinnon.
18:38 of 2nd period - Shot Misses the Net.
18:40 of 2nd period - Shot by Filip Hronek.
18:40 of 2nd period - Shot Blocked by Marcus Johansson.
19:16 of 2nd period - Nathan MacKinnon is hit by David Perron and loses puck.
19:46 of 2nd period - Icing by Filip Hronek.
19:47 of 2nd period - Christian Fischer wins face-off versus Connor McDavid in ANCHORAGE ACES zone.
Goals for this period are 0 for SACRAMENTO BANDITS vs 2 for ANCHORAGE ACES.
Shots for this period are 15 for SACRAMENTO BANDITS vs 8 for ANCHORAGE ACES.

3rd period


0:01 of 3rd period - Nico Hischier wins face-off versus Phillip Danault in neutral zone.
0:24 of 3rd period - Shot by Phillip Danault.
0:24 of 3rd period - Shot Misses the Net.
0:26 of 3rd period - Shot by Tom Wilson.
0:26 of 3rd period - Stopped by Louis Domingue without a rebound.
0:27 of 3rd period - Yegor Sharangovich wins face-off versus Mark Scheifele in SACRAMENTO BANDITS zone.
0:27 of 3rd period - Yegor Sharangovich is hit by Rasmus Sandin.
0:42 of 3rd period - Shot by Yegor Sharangovich.
0:42 of 3rd period - Stopped by Louis Domingue with a rebound.
0:44 of 3rd period - Shot by Yegor Sharangovich.
0:44 of 3rd period - Shot Misses the Net.
0:46 of 3rd period - Shot by Connor McDavid.
0:46 of 3rd period - Shot Misses the Net.
0:48 of 3rd period - Shot by Seth Jones.
0:48 of 3rd period - Shot Misses the Net.
0:50 of 3rd period - Shot by Connor McDavid.
0:50 of 3rd period - Shot Blocked by Mark Scheifele.
2:55 of 3rd period - Icing by Jani Hakanpaa.
2:56 of 3rd period - Erik Haula wins face-off versus Eetu Luostarinen in ANCHORAGE ACES zone.
2:56 of 3rd period - Erik Haula is hit by Alex Chiasson.
3:05 of 3rd period - Icing by Oliver Ekman-Larsson.
3:06 of 3rd period - Nathan MacKinnon wins face-off versus Eetu Luostarinen in SACRAMENTO BANDITS zone.
4:34 of 3rd period - Shot by Phillip Danault.
4:34 of 3rd period - Shot Misses the Net.
4:48 of 3rd period - Shot by Tom Wilson.
4:48 of 3rd period - Stopped by Louis Domingue without a rebound.
4:49 of 3rd period - Nico Hischier wins face-off versus Sheldon Dries in SACRAMENTO BANDITS zone.
5:09 of 3rd period - Shot by Conor Sheary.
5:09 of 3rd period - Shot Misses the Net.
5:11 of 3rd period - Shot by Erik Haula.
5:11 of 3rd period - Shot Misses the Net.
5:13 of 3rd period - Shot by Conor Sheary.
5:13 of 3rd period - Shot Misses the Net.
6:43 of 3rd period - Chris Kreider is hit by Marc-Edouard Vlasic and loses puck.
6:54 of 3rd period - Shot by Christian Fischer.
6:54 of 3rd period - Shot Misses the Net.
7:19 of 3rd period - Shot by Nico Hischier.
7:19 of 3rd period - Shot Blocked by Filip Hronek.
7:21 of 3rd period - Shot by Janis Moser.
7:21 of 3rd period - Goal by Janis Moser - SACRAMENTO BANDITS : 2 - ANCHORAGE ACES : 2.
7:22 of 3rd period - Erik Haula wins face-off versus Nico Hischier in neutral zone.
7:37 of 3rd period - Shot by Erik Haula.
7:37 of 3rd period - Shot Blocked by Janis Moser.
7:38 of 3rd period - Minor Penalty to Sheldon Dries for Boarding.
7:39 of 3rd period - Erik Haula wins face-off versus Mark Scheifele in ANCHORAGE ACES zone.
9:32 of 3rd period - Shot by Nico Hischier.
9:32 of 3rd period - Shot Misses the Net.
9:56 of 3rd period - Icing by Christian Fischer.
9:57 of 3rd period - Connor McDavid wins face-off versus Christian Fischer in SACRAMENTO BANDITS zone.
10:06 of 3rd period - Shot by Nathan MacKinnon.
10:06 of 3rd period - Stopped by Louis Domingue without a rebound.
10:07 of 3rd period - Phillip Danault wins face-off versus Eetu Luostarinen in SACRAMENTO BANDITS zone.
10:07 of 3rd period - Phillip Danault is hit by Ryan McDonagh.
10:23 of 3rd period - Ryan McDonagh is hit by Tom Wilson and loses puck.
11:12 of 3rd period - Connor McDavid is hit by David Perron and loses puck.
11:29 of 3rd period - Shot by Nico Hischier.
11:29 of 3rd period - Stopped by Darcy Kuemper without a rebound.
11:30 of 3rd period - Erik Haula wins face-off versus Mark Scheifele in ANCHORAGE ACES zone.
11:43 of 3rd period - Shot by Sheldon Dries.
11:43 of 3rd period - Stopped by Louis Domingue without a rebound.
11:44 of 3rd period - Christian Fischer wins face-off versus Connor McDavid in SACRAMENTO BANDITS zone.
11:44 of 3rd period - Christian Fischer is hit by Nathan MacKinnon.
12:16 of 3rd period - Icing by Chris Wideman.
12:17 of 3rd period - Phillip Danault wins face-off versus Christian Fischer in SACRAMENTO BANDITS zone.
12:18 of 3rd period - Shot by Tom Wilson.
12:18 of 3rd period - Shot Misses the Net.
12:29 of 3rd period - Oliver Ekman-Larsson is hit by Jani Hakanpaa and loses puck.
12:54 of 3rd period - Shot by Chris Kreider.
12:54 of 3rd period - Shot Misses the Net.
13:17 of 3rd period - Patrick Kane is hit by Jack Johnson and loses puck.
13:41 of 3rd period - Mark Scheifele is hit by Jack Johnson and loses puck.
15:26 of 3rd period - Icing by Nathan MacKinnon.
15:27 of 3rd period - Connor McDavid wins face-off versus Nico Hischier in ANCHORAGE ACES zone.
15:27 of 3rd period - Connor McDavid is hit by Nico Hischier.
15:52 of 3rd period - Conor Sheary is hit by Marc-Edouard Vlasic and loses puck.
15:58 of 3rd period - Conor Sheary is hit by Marc-Edouard Vlasic and loses puck.
16:18 of 3rd period - Icing by Marc-Edouard Vlasic.
16:19 of 3rd period - Nico Hischier wins face-off versus Phillip Danault in SACRAMENTO BANDITS zone.
16:36 of 3rd period - Shot by Tom Wilson.
16:36 of 3rd period - Stopped by Louis Domingue with a rebound.
16:38 of 3rd period - Shot by Phillip Danault.
16:38 of 3rd period - Stopped by Louis Domingue with a rebound.
16:40 of 3rd period - Shot by Jani Hakanpaa.
16:40 of 3rd period - Stopped by Louis Domingue without a rebound.
16:41 of 3rd period - Phillip Danault wins face-off versus Mark Scheifele in SACRAMENTO BANDITS zone.
16:51 of 3rd period - Off-side.
16:52 of 3rd period - Eetu Luostarinen wins face-off versus Erik Haula in neutral zone.
17:01 of 3rd period - Shot by Eetu Luostarinen.
17:01 of 3rd period - Shot Blocked by Filip Hronek.
17:17 of 3rd period - Shot by Erik Haula.
17:17 of 3rd period - Stopped by Louis Domingue with a rebound.
17:19 of 3rd period - Shot by Conor Sheary.
17:19 of 3rd period - Stopped by Louis Domingue without a rebound.
17:20 of 3rd period - Phillip Danault wins face-off versus Mark Scheifele in SACRAMENTO BANDITS zone.
18:44 of 3rd period - Icing by Jani Hakanpaa.
18:45 of 3rd period - Jonathan Huberdeau wins face-off versus Connor McDavid in ANCHORAGE ACES zone.
19:40 of 3rd period - Shot by Nico Hischier.
19:40 of 3rd period - Shot Misses the Net.
19:47 of 3rd period - Patrick Kane is hit by Filip Hronek and loses puck.
19:56 of 3rd period - Shot by Patrick Kane.
19:56 of 3rd period - Shot Misses the Net.
Goals for this period are 1 for SACRAMENTO BANDITS vs 0 for ANCHORAGE ACES.
Shots for this period are 2 for SACRAMENTO BANDITS vs 10 for ANCHORAGE ACES.

Overtime #1


0:01 of 1st overtime period - Connor McDavid wins face-off versus Mark Scheifele in neutral zone.
0:11 of 1st overtime period - Icing by Mark Scheifele.
0:12 of 1st overtime period - Mark Scheifele wins face-off versus Connor McDavid in SACRAMENTO BANDITS zone.
0:19 of 1st overtime period - Shot by Blake Wheeler.
0:19 of 1st overtime period - Deflect By Mark Scheifele.
0:19 of 1st overtime period - Stopped by Darcy Kuemper without a rebound.
0:20 of 1st overtime period - Mark Scheifele wins face-off versus Connor McDavid in ANCHORAGE ACES zone.
0:29 of 1st overtime period - Shot by Mark Scheifele.
0:29 of 1st overtime period - Stopped by Darcy Kuemper without a rebound.
0:30 of 1st overtime period - Mark Scheifele wins face-off versus Connor McDavid in ANCHORAGE ACES zone.
0:33 of 1st overtime period - Shot by Mark Scheifele.
0:33 of 1st overtime period - Stopped by Darcy Kuemper without a rebound.
0:34 of 1st overtime period - Connor McDavid wins face-off versus Mark Scheifele in ANCHORAGE ACES zone.
0:58 of 1st overtime period - Shot by Nathan MacKinnon.
0:58 of 1st overtime period - Shot Misses the Net.
1:00 of 1st overtime period - Shot by Connor McDavid.
1:00 of 1st overtime period - Deflect By Nathan MacKinnon.
1:00 of 1st overtime period - Stopped by Louis Domingue without a rebound.
1:01 of 1st overtime period - Mark Scheifele wins face-off versus Connor McDavid in SACRAMENTO BANDITS zone.
1:01 of 1st overtime period - Mark Scheifele is hit by Nathan MacKinnon.
2:07 of 1st overtime period - Shot by Patrick Kane.
2:07 of 1st overtime period - Stopped by Darcy Kuemper with a rebound.
2:43 of 1st overtime period - Shot by Chris Kreider.
2:43 of 1st overtime period - Goal by Chris Kreider - SACRAMENTO BANDITS : 2 - ANCHORAGE ACES : 3.
Goals for this period are 0 for SACRAMENTO BANDITS vs 1 for ANCHORAGE ACES.
Shots for this period are 4 for SACRAMENTO BANDITS vs 2 for ANCHORAGE ACES.


BLAKE
WHEELER
STEVEN
STAMKOS
DREW
DOUGHTY

EAST COAST

HOCKEY LEAGUE

  • 63.RHI2PIT5
  • 64.WOR4ATL3
  • 65.QUECHW
  • 66.CHATRV